 Dungeon Crawl Stone Soup version 0.22-a0-825-ga28c36f (webtiles) character file.

436 corax the Charmwright (level 7, -2/56 HPs)
             Began as a Gnoll Skald on July 24, 2018.
             Killed from afar by an orc wizard (6 damage)
             ... with a magic dart
             ... on level 5 of the Dungeon.
             The game lasted 00:09:05 (2769 turns).

corax the Charmwright (Gnoll Skald)                 Turns: 2769, Time: 00:09:05

Health: -2/56      AC:  4    Str: 13    XL:     7   Next: 1%
Magic:  3/15       EV: 14    Int: 18    God:
Gold:   176        SH:  0    Dex: 14    Spells: 12/16 levels left

rFire    . . .     SeeInvis .   a - +0 spear
rCold    . . .     Gourm    .   (no shield)
rNeg     . . .     Faith    .   b - +0 leather armour
rPois    .         Spirit   .   m - +0 helmet
rElec    .         Reflect  .   (no cloak)
rCorr    .         Harm     .   (no gloves)
MR       .....                  (no boots)
Stlth    ++........             (no amulet)
HPRegen  1.18/turn              (no ring)
MPRegen  0.14/turn              (no ring)

@: regenerating (expiring), slowed, very slow
A: distributed training, fangs 1, strong nose
a: no special abilities


You were on level 5 of the Dungeon.
You were not hungry.

You visited 1 branch of the dungeon, and saw 5 of its levels.

You collected 176 gold pieces.

Inventory:

Hand Weapons
 a - a +0 spear (weapon)
Armour
 b - a +0 leather armour (worn)
 m - a +0 helmet (worn)
Jewellery
 q - an uncursed ring of fire {unknown}
Scrolls
 g - a scroll of magic mapping {unknown}
 h - a scroll of immolation {unknown}
 j - 2 scrolls of teleportation {unknown}
 k - 7 scrolls of remove curse {unknown}
 n - a scroll of noise {unknown}
 p - 4 scrolls of identify {unknown}
 t - a scroll of enchant armour {unknown}
Potions
 c - 2 potions of invisibility {unknown}
 e - a potion of magic {unknown}
 f - 5 potions of curing {unknown}
 i - 2 potions of cancellation {unknown}
 l - 2 potions of mutation {unknown}
 o - a potion of brilliance {unknown}
 r - a potion of heal wounds {unknown}
 s - a potion of might {unknown}
 u - a potion of ambrosia {unknown}
Comestibles
 d - 4 rations


   Skills:
 + Level 5.1 Fighting
 + Level 2.1 Short Blades
 + Level 2.1 Long Blades
 + Level 2.1 Axes
 + Level 2.1 Maces & Flails
 + Level 5.1 Polearms
 + Level 2.1 Staves
 + Level 2.1 Slings
 + Level 2.1 Bows
 + Level 2.1 Crossbows
 + Level 2.1 Throwing
 + Level 3.4 Armour
 + Level 5.1 Dodging
 + Level 2.1 Stealth
 + Level 2.1 Shields
 + Level 2.1 Unarmed Combat
 + Level 5.4 Spellcasting
 + Level 1.7 Conjurations
 + Level 1.7 Hexes
 + Level 5.7 Charms
 + Level 1.7 Summonings
 + Level 1.7 Necromancy
 + Level 1.7 Translocations
 + Level 1.7 Transmutations
 + Level 1.7 Fire Magic
 + Level 1.7 Ice Magic
 + Level 1.7 Air Magic
 + Level 1.7 Earth Magic
 + Level 1.7 Poison Magic
 + Level 2.4 Invocations
 + Level 2.1 Evocations


You had 12 spell levels left.
You knew the following spells:

 Your Spells              Type           Power        Failure   Level  Hunger
a - Infusion              Chrm           ####         1%          1    None
b - Regeneration          Chrm/Necr      ###.......   10%         3    ##.....

Your spell library contained the following spells:

 Spells                   Type           Power        Failure   Level  Hunger
 Shroud of Golubria       Chrm/Tloc      ###.......   4%          2    #......
 Song of Slaying          Chrm           ####....     2%          2    #......
 Spectral Weapon          Hex/Chrm       ###.....     10%         3    ##.....


Dungeon Overview and Level Annotations

Branches:
Dungeon (5/15)
 Temple: D:4-7

Altars:
Elyvilon


Innate Abilities, Weirdness & Mutations

Your experience applies equally to all skills.
You have very sharp teeth.
Your uncanny sense of smell can sniff out nearby items.


Message History

* * * LOW HITPOINT WARNING * * *
You hit the orc wizard but do no damage.
The orc wizard hits you but does no damage.
You hit the orc wizard. Your bite misses the orc wizard.
The orc wizard is lightly wounded.
The orc wizard gestures at you while chanting.
You feel yourself slow down.
You closely miss the orc wizard.
The orc wizard is lightly wounded.
The orc wizard closely misses you.
You hit the orc wizard but do no damage.
The orc wizard is lightly wounded.
The orc wizard hits you with a dagger.
* * * LOW HITPOINT WARNING * * *
You hit the orc wizard.
The orc wizard is moderately wounded.
Your skin is crawling a little less now.
The orc wizard casts a spell at you. The magic dart hits you!
You die...

############
...........#
##########.#
##########.#########
...............o@).#
##.#####.#.#######.#
.......#.#.# #.#
.......#.#.# #.#
.......#.#.# #o#####
.......#.#.# #.....#
########.#.. #o....#
#.#.#.#####oh...#
................#


You could see an orc wizard.

Vanquished Creatures
  An ogre (D:4)
  A bullfrog (D:4)
  A howler monkey (D:5)
  2 orc priests
  An iguana (D:4)
  2 worker ants (D:4)
  2 adders
  2 oozes
  An adder skeleton (D:5)
  5 worms
  2 dart slugs
  2 leopard geckos (D:3)
  10 orcs
  7 bats
  2 giant cockroaches
  6 goblins
  7 hobgoblins
  7 kobolds
  A ball python (D:3)
  4 frilled lizards
  8 rats
74 creatures vanquished.

Notes
Turn   | Place    | Note
-------+----------+-------------------------------------------
     0 | D:1      | corax the Gnoll Skald began the quest for the Orb.
     0 | D:1      | Reached XP level 1. HP: 20/20 MP: 6/6
    96 | D:1      | Reached XP level 2. HP: 26/26 MP: 7/7
   418 | D:2      | Reached XP level 3. HP: 23/31 MP: 1/9
   419 | D:2      | Found a white marble altar of Elyvilon.
   432 | D:2      | Reached skill level 5 in Spellcasting
   477 | D:2      | Reached skill level 1 in Invocations
   639 | D:2      | Reached skill level 1 in Short Blades
   639 | D:2      | Reached skill level 1 in Long Blades
   639 | D:2      | Reached skill level 1 in Axes
   639 | D:2      | Reached skill level 1 in Maces & Flails
   639 | D:2      | Reached skill level 1 in Staves
   639 | D:2      | Reached skill level 1 in Slings
   639 | D:2      | Reached skill level 1 in Bows
   639 | D:2      | Reached skill level 1 in Crossbows
   639 | D:2      | Reached skill level 1 in Throwing
   639 | D:2      | Reached skill level 1 in Stealth
   639 | D:2      | Reached skill level 1 in Shields
   639 | D:2      | Reached skill level 1 in Unarmed Combat
   639 | D:2      | Reached skill level 1 in Evocations
   732 | D:2      | Reached XP level 4. HP: 38/38 MP: 11/11
  1585 | D:3      | Reached skill level 1 in Conjurations
  1585 | D:3      | Reached skill level 1 in Hexes
  1585 | D:3      | Reached skill level 1 in Summonings
  1585 | D:3      | Reached skill level 1 in Necromancy
  1585 | D:3      | Reached skill level 1 in Translocations
  1585 | D:3      | Reached skill level 1 in Transmutations
  1585 | D:3      | Reached skill level 1 in Fire Magic
  1585 | D:3      | Reached skill level 1 in Ice Magic
  1585 | D:3      | Reached skill level 1 in Air Magic
  1585 | D:3      | Reached skill level 1 in Earth Magic
  1585 | D:3      | Reached skill level 1 in Poison Magic
  1996 | D:4      | Reached XP level 5. HP: 39/43 MP: 7/12
  2022 | D:4      | Reached XP level 6. HP: 23/50 MP: 0/13
  2280 | D:4      | Reached skill level 5 in Fighting
  2280 | D:4      | Reached skill level 5 in Polearms
  2280 | D:4      | Reached skill level 5 in Dodging
  2285 | D:4      | Learned a level 3 spell: Regeneration
  2535 | D:5      | Entered Level 5 of the Dungeon
  2762 | D:5      | Reached XP level 7. HP: 5/56 MP: 5/15
  2769 | D:5      | Killed from afar by an orc wizard

Vault maps used:
D:1:      minmay_arrival_plants_in_alcoves
D:2:      elyvilon_altar_5
D:4:      first_ration

Skill      XL: |  1  2  3  4  5  6 |
---------------+-------------------+-----
Spellcasting   | 5 |  5.4
Invocations    | 1 2 |  2.4
Short Blades   | 1 2 |  2.1
Long Blades    | 1 2 |  2.1
Axes           | 1 2 |  2.1
Maces & Flails | 1 2 |  2.1
Staves         | 1 2 |  2.1
Slings         | 1 2 |  2.1
Bows           | 1 2 |  2.1
Crossbows      | 1 2 |  2.1
Throwing       | 1 2 |  2.1
Stealth        | 1 2 |  2.1
Shields        | 1 2 |  2.1
Unarmed Combat | 1 2 |  2.1
Evocations     | 1 2 |  2.1
Conjurations   | 1 |  1.7
Hexes          | 1 |  1.7
Summonings     | 1 |  1.7
Necromancy     | 1 |  1.7
Translocations | 1 |  1.7
Transmutations | 1 |  1.7
Fire Magic     | 1 |  1.7
Ice Magic      | 1 |  1.7
Air Magic      | 1 |  1.7
Earth Magic    | 1 |  1.7
Poison Magic   | 1 |  1.7
Armour         | 3 |  3.4
Fighting       | 5 |  5.1
Polearms       | 5 |  5.1
Dodging        | 5 |  5.1
Charms         | |  5.7

Action                   |  1- 3 |  4- 6 |  7- 9 || total
-------------------------+-------+-------+-------++-------
Melee: Spear             |   115 |   183 |     6 ||   304
       Bite              |    10 |    18 |       ||    28
 Cast: Infusion          |     8 |     6 |       ||    14
       Regeneration      |       |     2 |     1 ||     3
 Stab: Sleeping          |     2 |       |       ||     2
  Eat: Chunk             |       |     6 |       ||     6
Armor: Leather armour    |    14 |    20 |     1 ||    35
Dodge: Dodged            |    43 |    95 |     1 ||   139

Table legend:
 A = Spawn XP
 B = Non-spawn XP
 C = Spawn XP percentage of total XP
 D = Spawn monster count
 E = Non-spawn monster count
 F = Spawn count percentage of total count
 G = Total turns spent on level
                    A         B        C        D         E        F      G
               +---------+---------+-------+---------+---------+-------+---------
         Total |       0 |     623 |   0.0 |       0 |      74 |   0.0 |  2769
               +---------+---------+-------+---------+---------+-------+---------
           D:1 |       0 |      23 |   0.0 |       0 |      13 |   0.0 |   375
           D:2 |       0 |      76 |   0.0 |       0 |      26 |   0.0 |   855
           D:3 |       0 |      50 |   0.0 |       0 |      18 |   0.0 |   584
           D:4 |       0 |     362 |   0.0 |       0 |      10 |   0.0 |   721
           D:5 |       0 |     112 |   0.0 |       0 |       7 |   0.0 |   234
               +---------+---------+-------+---------+---------+-------+---------
